 Dungeon Crawl Stone Soup version 0.24-a0-769-g368c1644f8 (webtiles) character file.

Game seed: 11301914750965817, levelgen mode: deterministic

75 Notrik the Ruffian (level 4, -13/36 HPs)
             Began as a Draconian Transmuter on Oct 3, 2019.
             Mangled by an ogre
             ... wielding a +0 giant spiked club
              (28 damage)
             ... on level 2 of the Dungeon on Oct 4, 2019.
             The game lasted 00:15:34 (2722 turns).

Notrik the Ruffian (Draconian Transmuter)           Turns: 2722, Time: 00:15:34

Health: -13/36     AC:  6    Str: 13    XL:     4   Next: 11%
Magic:  7/7        EV: 12    Int: 14    God:
Gold:   72         SH:  0    Dex: 11    Spells: 7/8 levels left

rFire    . . .     SeeInvis .     - Unarmed
rCold    . . .     Gourm    .   (no shield)
rNeg     . . .     Faith    .   (armour unavailable)
rPois    .         Spirit   .   (helmet restricted)
rElec    .         Reflect  .   (no cloak)
rCorr    .         Harm     .   (no gloves)
MR       .....                  (no boots)
Stlth    +.........             (no amulet)
HPRegen  0.12/turn              o - +1 ring of protection
MPRegen  0.10/turn              (no ring)

@: no status effects
A: unfitting armour, cold-blooded, AC +5
a: no special abilities


You were on level 2 of the Dungeon.
You were not hungry.

You visited 1 branch of the dungeon, and saw 2 of its levels.

You collected 72 gold pieces.

Inventory:

Missiles
 a - 34 arrows
Armour
 i - a +0 scale mail
   (You found it on level 1 of the Dungeon)
Jewellery
 o - a +1 ring of protection (left hand)
   (You found it on level 2 of the Dungeon)
Scrolls
 b - 2 scrolls of identify {@r1}
 j - 2 scrolls of magic mapping {unknown}
 k - 2 scrolls of teleportation {unknown}
 n - a scroll of noise {unknown}
Potions
 c - 2 potions of brilliance
 d - a potion of agility {unknown}
 f - 2 potions of heal wounds {@q2}
 g - a potion of cancellation {unknown}
 h - a potion of resistance
 l - 2 potions of degeneration {!q}
 m - a potion of curing {unknown}
Comestibles
 e - 5 rations {!d}
 p - 2 chunks of flesh


   Skills:
 + Level 2.1 Fighting
 + Level 2.3 Dodging
 + Level 3.4 Unarmed Combat
 + Level 2.5 Spellcasting
 + Level 2.6 Transmutations


You had 7 spell levels left.
You knew the following spells:

 Your Spells              Type           Power        Failure   Level  Hunger
a - Beastly Appendage     Tmut           #.....       8%          1    #......

Your spell library contained the following spells:

 Spells                   Type           Power        Failure   Level  Hunger
 Sticks to Snakes         Tmut           #.......     12%         2    ###....
 Spider Form              Tmut/Pois      #.........   36%         3    ###....
 Ice Form                 Ice/Tmut       #.......     78%         4    #####..
 Blade Hands              Tmut           #.........   91%         5    ######.


Dungeon Overview and Level Annotations

Branches:
Dungeon (2/15)

Altars:
Ashenzari


Innate Abilities, Weirdness & Mutations

Your plain brown scales are hard. (AC +5)
You cannot fit into any form of body armour.
You are cold-blooded and may be slowed by cold attacks.


Message History

No target in view!
You butcher the dart slug corpse.
p - 2 chunks of flesh
Found 7 gold pieces.
Found a whip.
Found a ration.
You now have 72 gold pieces (gained 7).
e - 5 rations {!d} (gained 1)
Found a runed hand axe and a scroll of identify.
You see here a whip.
Found a potion of brilliance.
b - 2 scrolls of identify {@r1} (gained 1)
A hobgoblin and an ogre come into view.
The hobgoblin shouts!
The hobgoblin moves out of view.
Found a sapphire potion.
An ogre is nearby!
You see here a runed hand axe.
Autopickup is now off.
Autopickup is now on.
You hit the hobgoblin. The hobgoblin hits you.
You closely miss the hobgoblin. The hobgoblin closely misses you.
You barely miss the hobgoblin.
The hobgoblin hits you but does no damage.
You closely miss the hobgoblin. The hobgoblin closely misses you.
You punch the hobgoblin!
You kill the hobgoblin!
The ogre barely misses you.
You see here a hobgoblin corpse.
You hit the ogre.
You tail-slap the ogre, but do no damage.
The ogre barely misses you.
You hit the ogre but do no damage. The ogre closely misses you.
You closely miss the ogre. You tail-slap the ogre. You hit the ogre.
The ogre closely misses you.
You hit the ogre. You hit the ogre but do no damage.
The ogre hits you but does no damage.
You punch the ogre! The ogre barely misses you.
The teleport trap disappears.
The leopard gecko disappears!
You hit the ogre.
The ogre hits you with a +0 giant spiked club!!
Ouch! That really hurt!
* * * LOW HITPOINT WARNING * * *
You closely miss the ogre. You hit the ogre.
You tail-slap the ogre, but do no damage.
The ogre misses you.
You barely miss the ogre. Your punch misses the ogre.
The ogre hits you with a +0 giant spiked club!!
Ouch! That really hurt!
You die...

.#####.# #. .# #.#
#.## .# #.# ..# .##
#.# #.# # ..#
#.###########O##!##.#
..#
#.#.)...............#
..#
#.#.######.##.#######
..####.........)##.#
................@O.#
.........###########
##########


You could see an ogre.

Vanquished Creatures
  A hound zombie (D:2)
  2 worms (D:2)
  2 dart slugs
  4 leopard geckos
  2 giant cockroaches
  8 goblins
  7 hobgoblins
  A quokka (D:2)
  A ball python (D:1)
  7 bats
  2 frilled lizards
  7 kobolds
  3 rats (D:1)
47 creatures vanquished.

Vanquished Creatures (others)
  A hobgoblin (D:1)
1 creature vanquished.

Grand Total: 48 creatures vanquished

Notes
Turn   | Place    | Note
-------+----------+-------------------------------------------
     0 | D:1      | Notrik the Draconian Transmuter began the quest for the
                  | Orb.
     0 | D:1      | Reached XP level 1. HP: 16/16 MP: 3/3
   423 | D:1      | Reached XP level 2. HP: 16/23 MP: 5/5
   921 | D:1      | Reached XP level 3. HP: 16/29 MP: 6/6
  1508 | D:1      | Upgraded the game from 0.24-a0-762-gca426f56c8 to
                  | 0.24-a0-769-g368c1644f8
  1594 | D:2      | Found a shattered altar of Ashenzari.
  2529 | D:2      | Reached XP level 4. HP: 36/36 MP: 7/7
  2696 | D:2      | Noticed an ogre
  2722 | D:2      | Mangled by an ogre

Levels and vault maps discovered:
D:1:      roderic_dead_forest, layout_basic
D:2:      layout_loops_ring, ashenzari_conservatory_becter,
          chequers_serial_rivers_large_a, minmay_hexomino_p4

Skill      XL: |  1  2  3 |
---------------+----------+-----
Dodging        | 2 |  2.3
Fighting       | 2 |  2.1
Unarmed Combat | |  3.4
Spellcasting   | |  2.5
Transmutations | |  2.6

Action                   |  1- 3 |  4- 6 || total
-------------------------+-------+-------++-------
Melee: Unarmed           |   186 |    30 ||   216
       Tailslap          |    17 |     4 ||    21
       Punch             |     2 |     1 ||     3
  Use: Scroll            |     4 |       ||     4
 Stab: Sleeping          |     3 |       ||     3
  Eat: Chunk             |     3 |       ||     3
       Ration            |     1 |       ||     1
Armor: Skin              |    57 |     7 ||    64
Dodge: Dodged            |   141 |    16 ||   157

Table legend:
 A = Non-vault XP
 B = Vault XP
 C = Vault XP percentage of total XP
 D = Non-vault monster count
 E = Vault monster count
 F = Vault count percentage of total count
                 A         B        C        D         E       F
            +---------+---------+-------+---------+---------+-------
      Total |      80 |      28 |  25.9 |      43 |       4 |   8.5
            +---------+---------+-------+---------+---------+-------
        D:1 |      50 |       0 |   0.0 |      29 |       0 |   0.0
        D:2 |      30 |      28 |  48.3 |      14 |       4 |  22.2
            +---------+---------+-------+---------+---------+-------
